 Dungeon Crawl Stone Soup version 0.21.1-1-g345015fe64 (webtiles) character file.

256694 Emanloe the Tortoise (level 19, -31/155 HPs)
             Began as a Demonspawn Berserker on Mar 13, 2018.
             Was a High Priest of Trog.
             Killed from afar by a deep elf annihilator (48 damage)
             ... with an iron shot
             ... on level 3 of the Elven Halls on Mar 18, 2018.
             The game lasted 02:48:40 (37136 turns).

Emanloe the Tortoise (Demonspawn Berserker)        Turns: 37136, Time: 02:48:40

Health: -31/155    AC: 38    Str: 25    XL:     19   Next: 8%
Magic:  29/29      EV: 11    Int: 16    God:    Trog [*****.]
Gold:   2116       SH: 23    Dex: 16    Spells: 18/18 levels left

rFire    + + +     SeeInvis .   t - +5 demon blade "Unuigg" {flame, *Rage rElec rN+}
rCold    + + .     Gourm    .   T - +0 large shield
rNeg     + . .     Faith    .   l - +9 gold dragon scales
rPois    +         Spirit   .   N - +3 hat of Pondering {ponderous, MR+ MP+10 Int+5}
rElec    +         Reflect  +   D - scarf {repulsion}
rCorr    .         Harm     .   m - +0 pair of gloves {Str+3}
MR       +++..     Rnd*Rage +   (boots unavailable)
Stlth    ..........             z - +3 amulet of reflection
HPRegen  0.35/turn              V - ring of protection from cold
MPRegen  0.21/turn              Z - ring of protection from magic

@: lethally poisoned (-31 -> -33), berserk cooldown, slowed, repel missiles,
very slow
A: hooves 3, molten scales 3, blink, fire resistance 1, ignite blood,
electricity resistance, spiny 2, strong 1, flame cloud immunity
}: 2/15 runes: decaying, gossamer
a: Blink, Berserk, Trog's Hand, Brothers in Arms, Burn Spellbooks, Renounce
Religion


You were on level 3 of the Elven Halls.
You worshipped Trog.
Trog was extremely pleased with you.
You were hungry.

You visited 6 branches of the dungeon, and saw 34 of its levels.
You also visited: Labyrinth.

You collected 3792 gold pieces.
You spent 1676 gold pieces at shops.

Inventory:

Hand Weapons
 t - the +5 demon blade "Unuigg" (weapon) {flame, *Rage rElec rN+}
   (Trog gifted it to you on level 4 of the Swamp)

   It has been specially enchanted to burn those struck by it, causing extra
   injury to most foes and up to half again as much damage against particularly
   susceptible opponents.
   Big, fiery blades are also staple armaments of hydra-hunters.
   It insulates you from electricity.
   It protects you from negative energy.
   It may make you go berserk in combat.
Armour
 l - +9 gold dragon scales (worn)
 m - a +0 pair of gloves of strength (worn)
 D - a scarf of repulsion (worn)
 N - the +3 hat of Pondering (worn) {ponderous, MR+ MP+10 Int+5}
   (You took it off Gastronok on level 2 of the Lair of Beasts)

   It affects your intelligence (+5).
   It affects your resistance to hostile enchantments.
   It affects your magic capacity (+10).
 T - a +0 large shield (worn)
Jewellery
 g - an uncursed ring of positive energy
 j - an uncursed ring of resist corrosion
 y - an uncursed ring of positive energy
 z - a +3 amulet of reflection (around neck)
 C - an uncursed ring of protection from fire
 V - a ring of protection from cold (left hand)
 Z - a ring of protection from magic (right hand)
Wands
 n - a wand of digging (26)
 p - a wand of disintegration (41)
 A - a wand of flame (37)
 G - a wand of paralysis (28)
 I - a wand of enslavement (25)
 Q - a wand of polymorph (10)
Scrolls
 f - 13 scrolls of remove curse
 h - a scroll of brand weapon
 i - 3 scrolls of vulnerability
 o - 15 scrolls of teleportation
 q - 9 scrolls of identify
 s - 3 scrolls of magic mapping
 x - 2 scrolls of fog
 B - 7 scrolls of enchant weapon
 H - a scroll of blinking
Potions
 a - a potion of curing
 d - a potion of heal wounds
 e - 4 potions of might
 r - 2 potions of magic
 u - a potion of cancellation
 v - 2 potions of flight
 w - 3 potions of brilliance
 P - 2 potions of haste
 R - 5 potions of ambrosia
 S - a potion of resistance
 X - 2 potions of agility
Books
 E - Sif Muna's Tome of the Traveller
   (You found it on level 1 of the Orcish Mines)

   Spells                             Type                      Level
   a - Apportation                    Translocation                1
   Trog disapproves of the use of such an item.
 F - a book of Battle

   Spells                             Type                      Level
   a - Infusion                       Charms                       1
   b - Shroud of Golubria             Charms/Translocation         2
   c - Song of Slaying                Charms                       2
   d - Spectral Weapon                Hexes/Charms                 3
   e - Regeneration                   Charms/Necromancy            3
   Trog disapproves of the use of such an item.
 J - the Papyrus of Scorching Poisoning
   (You found it in a labyrinth)

   Spells                             Type                      Level
   a - Sting                          Conjuration/Poison           1
   b - Ignite Poison                  Fire/Transmutation/Poison    3
   c - Sticky Flame                   Conjuration/Fire             4
   d - Alistair's Intoxication        Transmutation/Poison         5
   e - Ring of Flames                 Charms/Fire                  7
   Trog disapproves of the use of such an item.
 K - the Disquisition on Warped Hexes
   (You found it in a labyrinth)

   Spells                             Type                      Level
   a - Apportation                    Translocation                1
   b - Tukima's Dance                 Hexes                        3
   c - Summon Guardian Golem          Hexes/Summoning              3
   d - Silence                        Hexes/Air                    5
   e - Controlled Blink               Translocation                8
   Trog disapproves of the use of such an item.
 L - Roxanne's Volume of Transmutation
   (You took it off Roxanne on level 2 of the Swamp)

   Spells                             Type                      Level
   a - Beastly Appendage              Transmutation                1
   b - Passwall                       Transmutation/Earth          2
   c - Yara's Violent Unravelling     Hexes/Transmutation          5
   d - Blade Hands                    Transmutation                5
   e - Statue Form                    Transmutation/Earth          6
   Trog disapproves of the use of such an item.
 O - a book of Debilitation

   Spells                             Type                      Level
   a - Corona                         Hexes                        1
   b - Slow                           Hexes                        2
   c - Inner Flame                    Hexes/Fire                   3
   d - Portal Projectile              Hexes/Translocation          3
   e - Cause Fear                     Hexes                        4
   f - Leda's Liquefaction            Hexes/Earth                  4
   Trog disapproves of the use of such an item.
 W - the Incunabulum of Vitriolic Lightness
   (You found it on level 1 of the Spider Nest)

   Spells                             Type                      Level
   a - Alistair's Intoxication        Transmutation/Poison         5
   b - Conjure Ball Lightning         Conjuration/Air              6
   c - Tornado                        Air                          9
   Trog disapproves of the use of such an item.
Comestibles
 c - 7 rations


   Skills:
 + Level 15.1 Fighting
 + Level 14.1 Long Blades
 + Level 16.8 Armour
 + Level 13.1 Dodging
 + Level 14.2 Shields


You had 18 spell levels left.
You didn't know any spells.

Dungeon Overview and Level Annotations

Branches:
Dungeon (15/15)            Temple (0/1) D:5            Lair (6/6) D:11
  Swamp (4/4) Lair:3       Spider (4/4) Lair:4        Slime (0/5) Lair:5
    Orc (2/2) D:11            Elf (3/3) Orc:2        Vaults (0/5) D:13
 Depths (0/5) D:15

Altars:
Cheibriados
Dithmenos
Fedhas
Hepliaklqana
Makhleb
Nemelex Xobeh
Qazlal
Ru
Sif Muna
Vehumet
Wu Jian
The Shining One
Beogh
Jiyva

Shops:
D:6 %*!   D:12 =}??[   Orc:2 (**?   Elf:2 :

Portals:
Hell: Lair:6

Annotations:
Lair:1 exclusion: oklob plant


Innate Abilities, Weirdness & Mutations

You have hooves in place of feet.
You are completely covered in molten scales. (AC +4, rF+)
Your flesh is heat resistant. (rF+)
Your demonic aura causes spilled blood to erupt in flames.
You are mostly covered in sharp spines.
You are immune to clouds of flame.
You can translocate small distances at will.
You are resistant to electric shocks. (rElec)
Your muscles are strong. (Str +2)


Message History

You are poisoned.
You partially resist.
* * * LOW HITPOINT WARNING * * *
The deep elf annihilator casts a spell at you.
The iron shot hits you!
* * * LOW HITPOINT WARNING * * *
The deep elf annihilator is empowered by something's aura! x2
The deep elf death mage casts a spell.
A corpse begins to drag itself along the ground!
Some corpses meld into an agglomeration of writhing flesh!
The deep elf annihilator casts a spell.
The deep elf annihilator blinks!
The deep elf master archer wields a longbow.
The deep elf master archer shoots an arrow.
You reflect the arrow off an invisible shield around you!
The arrow hits the deep elf sorcerer!!
The deep elf sorcerer's eyes start to glow.
The deep elf annihilator points at you and mumbles some strange words.
The iron shot hits you!
You die...

#...........<..#
######)#########
#§# ###§###
##.eX§.##
###..eE...###
#..e.e*.....#
#..e........#
#§@§.§e)....#
#§.§e.§.....#
#..§...e)...#
#...e)e).x..#
###.3.))).###
##..))x##
###e###


.ee §.(ee You could see 2 deep elf master archers, 5 deep elf annihilators, 2
deep elf death magi, 2 deep elf sorcerers, a soul eater, a deep elf
demonologist, a deep elf high priest, a large abomination, a fire elemental, a
small abomination, a lost soul and a crawling corpse.

Vanquished Creatures
  Nikola (Swamp:2)
  A deep elf master archer (Elf:3)
  2 deep elf blademasters
  Gastronok (Lair:2)
  2 thorn hunters
  Roxanne (Swamp:2)
  An azure jelly (Lair:5)
  3 deep elf sorcerers (Elf:3)
  3 ghost moths (Spider:4)
  2 orc warlords
  Louise (Spider:1)
  7 emperor scorpions
  A deep elf elementalist (Elf:3)
  A very ugly thing (Swamp:4)
  5 entropy weavers
  3 deep elf demonologists
  Azrael (Elf:2)
  A dire elephant (Lair:6)
  3 deep elf annihilators (Elf:3)
  2 spark wasps (Spider:4)
  2 ettins (Orc:1)
  A deep elf high priest (Elf:3)
  A minotaur (Lab)
  A fire dragon (D:13)
  Fannar (Lair:3)
  18 hydras
  A vault guard (D:13)
  Erolcha (Orc:2)
  Harold (Lair:2)
  A ghost crab (Swamp:4)
  Erica (D:8)
  2 catoblepae
  2 centaur warriors
  A queen ant (Spider:2)
  19 dancing weapons
  11 two-headed ogres
  7 alligators
  4 orc high priests (Orc:2)
  Sonja (Lair:2)
  A spriggan berserker (Swamp:4)
  Urug (D:13)
  Nergalle (Lair:3)
  20 deep elf knights
  A fire crab (shapeshifter) (Elf:3)
  9 swamp dragons
  A spriggan druid (Swamp:4)
  3 shambling mangroves
  A wizard (Lair:6)
  5 deep elf archers
  58 deep elf magi
  4 orc knights (Orc:2)
  14 orb spiders
  29 wolf spiders
  6 cyclopes
  4 orc sorcerers (Orc:2)
  3 ugly things
  A moth of wrath (Spider:4)
  9 slime creatures
  2 manticores
  Joseph (D:7)
  A black mamba (shapeshifter) (D:13)
  The ghost of BigGuy4U the Cleaver, a novice HOFi (D:4)
  4 black mambas
  An orange demon (Lair:6)
  2 torpor snails (Lair:2)
  14 spiny frogs
  The ghost of matti1234 the Vexing, a novice FoAM (D:14)
  A gargoyle (D:13)
  4 rime drakes
  3 komodo dragons
  A tengu conjurer (D:13)
  8 demonic crawlers
  A freezing wraith (D:14)
  26 jumping spiders
  3 polar bears
  12 trolls
  5 tyrant leeches
  14 blink frogs
  18 hornets
  6 dream sheep
  8 hippogriffs
  10 bog bodies
  3 air elementals
  63 redbacks
  2 vampires
  2 spriggans
  A water elemental (Elf:3)
  A wraith (D:12)
  18 tarantellas
  81 yaks
  2 basilisks
  2 shadows
  2 hungry ghosts (D:12)
  Grum (D:10)
  3 wyverns
  6 vampire mosquitoes
  7 fire elementals (Elf:2)
  The ghost of matti1234 the Vexing, an amateur FoAM (D:3)
  Menkaure (D:7)
  15 insubstantial wisps
  6 wargs
  24 swamp worms
  6 porcupines
  25 soldier ants
  2 hell hounds
  8 water moccasins
  48 orc warriors
  4 sky beasts
  7 swamp drakes
  3 phantoms
  A hornet zombie (D:9)
  2 ice beasts
  2 black bears
  A necrophage (D:8)
  5 centaurs
  13 wolves
  11 crocodiles
  14 ogres
  5 big kobolds
  18 bullfrogs
  4 earth elementals
  A wyvern zombie (D:8)
  A hornet simulacrum (D:14)
  A water moccasin skeleton (D:9)
  10 killer bees
  6 scorpions
  15 wights
  3 howler monkeys
  An electric eel (D:14)
  5 centaur zombies
  6 crimson imps
  2 bullfrog zombies
  A quasit (D:10)
  Crazy Yiuf (D:6)
  4 centaur skeletons
  3 hounds
  A jelly (D:12)
  35 orc priests
  A gnoll shaman (D:6)
  2 bullfrog skeletons
  10 iguanas
  22 orc wizards
  7 hell rats (Lair:6)
  31 worker ants
  2 hound zombies
  A worker ant zombie (D:11)
  Robin (D:3)
  3 gnolls (D:6)
  13 adders
  4 shadow imps
  An adder skeleton (D:9)
  13 worms
  2 dart slugs (D:2)
  5 leopard geckos
  112 orcs
  2 ball pythons (D:1)
  8 bats
  4 giant cockroaches
  14 goblins
  13 hobgoblins
  20 jackals
  6 quokkas
  5 frilled lizards
  20 kobolds
  A quokka zombie (D:8)
  5 rats
  3 briar patches
1283 creatures vanquished.

Vanquished Creatures (collateral kills)
  Asterion (Elf:2)
  2 azure jellies (Lair:5)
  A deep elf elementalist (Elf:3)
  An entropy weaver (Spider:4)
  A deep elf annihilator (Elf:3)
  2 deep elf death magi (Elf:3)
  2 hydras
  An ogre mage (D:13)
  A two-headed ogre (D:13)
  A tengu warrior (D:13)
  A sun demon (Lair:6)
  2 slime creatures (D:13)
  4 swamp dragons (Swamp:4)
  3 wolf spiders (Spider:4)
  3 orb spiders (Spider:4)
  A black mamba (Lair:6)
  A smoke demon (Lair:6)
  2 orange demons (Lair:6)
  A red devil (Lair:6)
  2 ice devils (Lair:6)
  2 jumping spiders (Spider:4)
  6 dream sheep (Lair:6)
  Eustachio (D:6)
  6 redbacks (Spider:4)
  2 yaks (D:12)
  An air elemental (Elf:3)
  3 hell hounds (Lair:6)
  A swamp worm (Swamp:4)
  2 swamp drakes (Swamp:4)
  An orc warrior (Orc:1)
  An ogre (D:13)
  4 wolves (Lair:6)
  4 centaurs (D:14)
  2 wights (D:12)
  An orc priest (Orc:1)
  3 orcs
  2 crawling corpses (Elf:3)
  A fungus (Lair:3)
76 creatures vanquished.

Vanquished Creatures (others)
  An alligator (Swamp:1)
  2 deep elf archers (Elf:3)
  3 deep elf magi
  An orc (Orc:1)
  5 fungi
  3 plants
15 creatures vanquished.

Grand Total: 1374 creatures vanquished

Notes
Turn   | Place    | Note
-------+----------+-------------------------------------------
     0 | D:1      | Emanloe the Demonspawn Berserker began the quest for the Orb.
     0 | D:1      | Reached XP level 1. HP: 18/18 MP: 1/1
   142 | D:1      | Reached skill level 2 in Armour
   259 | D:1      | Gained mutation: You are partially covered in sharp spines. [demonic ancestry]
   259 | D:1      | Reached XP level 2. HP: 23/24 MP: 2/2
   666 | D:1      | Reached ** piety under Trog
   666 | D:1      | Gained mutation: You are partially covered in molten scales. (AC +2) [demonic ancestry]
   666 | D:1      | Reached XP level 3. HP: 26/29 MP: 3/3
  1252 | D:2      | Gained mutation: Your flesh is heat resistant. (rF+) [demonic ancestry]
  1252 | D:2      | Reached XP level 4. HP: 35/35 MP: 4/4
  1741 | D:3      | Noticed Robin
  1745 | D:3      | Reached skill level 3 in Armour
  1758 | D:3      | Killed Robin
  1808 | D:3      | Noticed matti1234's ghost (amateur FoAM)
  1820 | D:3      | Killed matti1234's ghost
  1820 | D:3      | Reached *** piety under Trog
  1820 | D:3      | Gained mutation: You are mostly covered in sharp spines. [demonic ancestry]
  1820 | D:3      | Reached XP level 5. HP: 26/42 MP: 1/5
  2147 | D:3      | Found a sparkling altar of Nemelex Xobeh.
  2166 | D:3      | Reached XP level 6. HP: 33/48 MP: 6/6
  2284 | D:3      | Reached skill level 4 in Armour
  2620 | D:4      | Noticed BigGuy4U's ghost (novice HOFi)
  2639 | D:4      | Killed BigGuy4U's ghost
  2639 | D:4      | Gained mutation: You are mostly covered in molten scales. (AC +3) [demonic ancestry]
  2639 | D:4      | Reached XP level 7. HP: 14/55 MP: 3/7
  3257 | D:4      | Reached skill level 5 in Armour
  3286 | D:4      | Found a shadowy altar of Dithmenos.
  3445 | D:5      | Entered Level 5 of the Dungeon
  3445 | D:5      | Found a hazy altar of Hepliaklqana.
  3453 | D:5      | Reached **** piety under Trog
  3505 | D:5      | Reached skill level 5 in Fighting
  3518 | D:5      | Found a radiant altar of Vehumet.
  3577 | D:5      | Reached XP level 8. HP: 56/62 MP: 8/8
  3725 | D:5      | Found a sacrificial altar of Ru.
  3808 | D:5      | Found a blossoming altar of Fedhas.
  3820 | D:5      | Reached skill level 6 in Armour
  4127 | D:5      | Reached skill level 5 in Long Blades
  4382 | D:5      | Found a staircase to the Ecumenical Temple.
  4393 | D:5      | Gained mutation: You are weak. (Str -2) [potion of mutation]
  4393 | D:5      | Gained mutation: Scrolls take you a little longer to read. [potion of mutation]
  4393 | D:5      | Gained mutation: You have a pair of small horns on your head. [potion of mutation]
  4429 | D:6      | Noticed Eustachio
  4450 | D:6      | Found Udiseobb's Distillery.
  4457 | D:6      | Killed Eustachio
  4469 | D:6      | Bought a potion of mutation for 104 gold pieces
  4469 | D:6      | Bought a potion of mutation for 104 gold pieces
  4469 | D:6      | Lost mutation: You are weak. (Str -2) [potion of mutation]
  4469 | D:6      | Lost mutation: Scrolls take you a little longer to read. [potion of mutation]
  4469 | D:6      | Gained mutation: You passively map a small area around you. [potion of mutation]
  4469 | D:6      | Gained mutation: Your magical capacity is low. (-10% MP) [potion of mutation]
  4469 | D:6      | Gained mutation: You possess an exceptional clarity of mind. [potion of mutation]
  4469 | D:6      | Gained mutation: You are resistant to electric shocks. (rElec) [potion of mutation]
  4470 | D:6      | Lost mutation: You passively map a small area around you. [potion of mutation]
  4470 | D:6      | Lost mutation: Your magical capacity is low. (-10% MP) [potion of mutation]
  4470 | D:6      | Lost mutation: You have a pair of small horns on your head. [potion of mutation]
  4470 | D:6      | Lost mutation: You possess an exceptional clarity of mind. [potion of mutation]
  4470 | D:6      | Gained mutation: You are robust. (+10% HP) [potion of mutation]
  4470 | D:6      | Lost mutation: You are resistant to electric shocks. (rElec) [potion of mutation]
  4470 | D:6      | Gained mutation: Your spells are a little harder to cast, but a little more powerful. [potion of mutation]
  4470 | D:6      | Gained mutation: You are resistant to electric shocks. (rElec) [potion of mutation]
  4621 | D:6      | Found a stormy altar of Qazlal.
  4715 | D:6      | Reached skill level 7 in Armour
  4715 | D:6      | Reached skill level 5 in Dodging
  4723 | D:6      | Gained mutation: You have large cloven feet. [demonic ancestry]
  4723 | D:6      | Reached XP level 9. HP: 38/75 MP: 9/9
  4954 | D:6      | Found a runed door.
  5046 | D:6      | Noticed Crazy Yiuf
  5050 | D:6      | Killed Crazy Yiuf
  5191 | D:6      | Found Afoteetu's Food Boutique.
  5275 | D:6      | Found Gaxiesom's Assorted Antiques.
  5525 | D:7      | Found an ornate altar of the Wu Jian Council.
  5585 | D:7      | Noticed Menkaure
  5590 | D:7      | Killed Menkaure
  5760 | D:7      | Noticed Joseph
  5773 | D:7      | Killed Joseph
  5773 | D:7      | Reached skill level 8 in Armour
  6213 | D:8      | Found a glowing golden altar of the Shining One.
  6472 | D:8      | Noticed a two-headed ogre
  6477 | D:8      | Killed a two-headed ogre
  6477 | D:8      | Reached XP level 10. HP: 86/86 MP: 10/10
  6479 | D:8      | Noticed a two-headed ogre
  6486 | D:8      | Killed a two-headed ogre
  6486 | D:8      | Reached skill level 9 in Armour
  6770 | D:8      | Noticed Erica
  6782 | D:8      | Killed Erica
  7051 | D:8      | Noticed a two-headed hydra
  7061 | D:8      | Killed a three-headed hydra
  7061 | D:8      | Reached ***** piety under Trog
  7061 | D:8      | Reached skill level 10 in Armour
  7146 | D:8      | Gained mutation: You are immune to clouds of flame. [demonic ancestry]
  7146 | D:8      | Reached XP level 11. HP: 66/94 MP: 11/11
  7679 | D:9      | Found a snail-covered altar of Cheibriados.
  8256 | D:10     | Entered Level 10 of the Dungeon
  8472 | D:10     | Received a gift from Trog
  8515 | D:10     | Noticed Grum
  8524 | D:10     | Killed Grum
  9006 | D:11     | Found a staircase to the Lair.
  9043 | D:11     | Reached skill level 11 in Armour
  9086 | D:11     | Found a labyrinth entrance.
  9094 | Lab      | Entered a labyrinth
  9749 | Lab      | Found an exit through the horrors of the Abyss.
  9932 | Lab      | Noticed a minotaur
  9940 | Lab      | Killed a minotaur
  9942 | Lab      | Identified the Papyrus of Scorching Poisoning
  9942 | Lab      | Identified the Disquisition on Warped Hexes
 10218 | D:11     | Noticed a brown ugly thing
 10224 | D:11     | Killed a brown ugly thing
 10259 | D:11     | Found a staircase to the Orcish Mines.
 10659 | D:12     | Reached XP level 12. HP: 105/105 MP: 12/12
 10805 | D:12     | Found Fiabbuv's Magic Scroll Shop.
 10807 | D:12     | Found Lemuiceg's Magic Scroll Shoppe.
 10816 | D:12     | Received a gift from Trog
 10827 | D:12     | Bought a scroll of enchant weapon for 97 gold pieces
 10836 | D:12     | Found Lainumm's Jewellery Shoppe.
 10839 | D:12     | Bought a scroll of enchant weapon for 75 gold pieces
 11049 | D:12     | Found Ozaivios's Armour Boutique.
 11061 | D:12     | Reached skill level 12 in Armour
 11091 | D:12     | Found Orulur's Gadget Boutique.
 11134 | D:12     | Reached skill level 10 in Fighting
 11444 | D:12     | Found a radiant altar of Vehumet.
 11644 | D:13     | Noticed a catoblepas
 11653 | D:13     | Killed a catoblepas
 11910 | D:13     | Noticed a centaur warrior
 11920 | D:13     | Killed a centaur warrior
 11937 | D:13     | Found a gate to the Vaults.
 11937 | D:13     | Noticed a vault guard
 11949 | D:13     | Noticed a fire dragon
 11952 | D:13     | Killed a vault guard
 11965 | D:13     | Killed a fire dragon
 12422 | D:13     | Noticed a two-headed ogre
 12423 | D:13     | Noticed a two-headed ogre
 12424 | D:13     | Noticed a two-headed ogre
 12425 | D:13     | Noticed an ogre mage
 12425 | D:13     | Noticed a two-headed ogre
 12428 | D:13     | Killed a two-headed ogre
 12431 | D:13     | Killed a two-headed ogre
 12433 | D:13     | Killed a two-headed ogre
 12433 | D:13     | Gained mutation: You are completely covered in molten scales. (AC +4, rF+) [demonic ancestry]
 12433 | D:13     | Reached XP level 13. HP: 114/114 MP: 13/13
 12438 | D:13     | Found a radiant altar of Vehumet.
 12908 | D:13     | Reached skill level 13 in Armour
 13173 | D:13     | Noticed Urug
 13181 | D:13     | Killed Urug
 13901 | D:14     | Reached skill level 10 in Long Blades
 13945 | D:14     | Noticed matti1234's ghost (novice FoAM)
 13953 | D:14     | Killed matti1234's ghost
 14450 | D:14     | Reached skill level 10 in Dodging
 14880 | D:15     | Entered Level 15 of the Dungeon
 14881 | D:15     | Found a staircase to the Depths.
 15108 | Orc:1    | Entered Level 1 of the Orcish Mines
 15108 | Orc:1    | Noticed an ettin
 15108 | Orc:1    | Noticed an orc warlord
 15122 | Orc:1    | Killed an ettin
 15167 | D:11     | Killed an orc warlord
 15477 | Lair:1   | Entered Level 1 of the Lair of Beasts
 16147 | Lair:1   | Found a blossoming altar of Fedhas.
 16569 | Lair:2   | Noticed Sonja
 16581 | Lair:2   | Killed Sonja
 16777 | Lair:2   | Noticed Harold
 16792 | Lair:2   | Killed Harold
 16801 | Lair:2   | Reached skill level 14 in Armour
 16867 | Lair:2   | Reached XP level 14. HP: 70/124 MP: 14/14
 17143 | Lair:2   | Noticed Gastronok
 17160 | Lair:2   | Killed Gastronok
 17167 | Lair:2   | Lost mutation: You are robust. (+10% HP) [potion of mutation]
 17167 | Lair:2   | Lost mutation: Your spells are a little harder to cast, but a little more powerful. [potion of mutation]
 17167 | Lair:2   | Gained mutation: Your system is resistant to poisons. (rPois) [potion of mutation]
 17167 | Lair:2   | Gained mutation: Your muscles are strong. (Str +2) [potion of mutation]
 17167 | Lair:2   | Gained mutation: You have a pair of small horns on your head. [potion of mutation]
 18129 | Lair:3   | Noticed Nergalle
 18139 | Lair:3   | Killed Nergalle
 18394 | Lair:3   | Noticed Fannar
 18405 | Lair:3   | Killed Fannar
 18528 | Lair:3   | Found a staircase to the Swamp.
 19181 | Lair:4   | Found a hole to the Spider Nest.
 19693 | Lair:5   | Reached skill level 1 in Shields
 19753 | Lair:5   | Found a runed door.
 19755 | Lair:5   | Found a viscous altar of Jiyva.
 19755 | Lair:5   | Noticed an azure jelly
 19756 | Lair:5   | Noticed an azure jelly
 19757 | Lair:5   | Found a staircase to the Slime Pits.
 19757 | Lair:5   | Noticed an azure jelly
 19764 | Lair:5   | Killed an azure jelly
 19767 | Lair:5   | Killed an azure jelly
 19769 | Lair:5   | Killed an azure jelly
 20343 | Lair:6   | Entered Level 6 of the Lair of Beasts
 21127 | Lair:6   | Found a burning altar of Makhleb.
 21140 | Lair:6   | Received a gift from Trog
 21142 | Lair:6   | Gained mutation: Your demonic aura causes spilled blood to erupt in flames. [demonic ancestry]
 21142 | Lair:6   | Reached XP level 15. HP: 73/122 MP: 15/15
 21164 | Lair:6   | Found a gateway to Hell.
 21824 | Orc:1    | You fall through a shaft!
 21824 | Orc:2    | Entered Level 2 of the Orcish Mines
 21880 | Orc:2    | Noticed Erolcha
 21887 | Orc:2    | Killed Erolcha
 21930 | Orc:2    | Found a staircase to the Elven Halls.
 22057 | Orc:2    | Got an iridescent mace
 22058 | Orc:2    | Identified the cursed +0 mace "Nece Qis" {venom, rPois Str+6} (You found it on level 2 of the Orcish Mines)
 22124 | Orc:2    | Reached skill level 5 in Shields
 22226 | Orc:2    | Reached skill level 15 in Armour
 22517 | Orc:2    | Found a roughly hewn altar of Beogh.
 22613 | Orc:2    | Found Fast's Weapon Emporium.
 22633 | Orc:2    | Found Wuunyihi's General Store.
 23361 | Orc:1    | Found a deep blue altar of Sif Muna.
 23598 | Orc:1    | Identified Sif Muna's Tome of the Traveller
 23635 | Orc:2    | Noticed an orc warlord
 23648 | Orc:2    | Killed an orc warlord
 23744 | Orc:2    | Found a roughly hewn altar of Beogh.
 23943 | Orc:2    | Received a gift from Trog
 24038 | Orc:2    | Reached ****** piety under Trog
 24336 | Orc:2    | Found Ikupp's General Store.
 24378 | Orc:2    | Found Jimuohum's Magic Scroll Boutique.
 24423 | Orc:2    | Bought a scroll of enchant weapon for 120 gold pieces
 24423 | Orc:2    | Bought a scroll of acquirement for 832 gold pieces
 24423 | Orc:2    | Bought a scroll of enchant weapon for 120 gold pieces
 24423 | Orc:2    | Bought a scroll of enchant weapon for 120 gold pieces
 25057 | Swamp:1  | Entered Level 1 of the Swamp
 25606 | Swamp:1  | Received a gift from Trog
 25916 | Swamp:2  | Noticed Roxanne
 25917 | Swamp:2  | Noticed Nikola
 25931 | Swamp:2  | Killed Nikola
 25945 | Swamp:2  | Killed Roxanne
 25951 | Swamp:2  | Identified Roxanne's Volume of Transmutation (You took it off Roxanne on level 2 of the Swamp)
 26165 | Swamp:2  | Gained mutation: You have hoof-like feet. [demonic ancestry]
 26165 | Swamp:2  | Reached XP level 16. HP: 130/130 MP: 16/16
 26492 | Swamp:2  | Noticed a thorn hunter
 26509 | Swamp:2  | Killed a thorn hunter
 27188 | Swamp:3  | Got a dazzling shield
 27199 | Swamp:3  | Identified the +4 shield of the Abyss {Dex+2} (You found it on level 3 of the Swamp)
 27272 | Swamp:3  | Noticed a thorn hunter
 27292 | Swamp:3  | Killed a thorn hunter
 28015 | Swamp:4  | Entered Level 4 of the Swamp
 28893 | Swamp:4  | Received a gift from Trog
 28894 | Swamp:4  | Got a crude demon blade {god gift}
 28895 | Swamp:4  | Identified the +5 demon blade "Unuigg" {flame, *Rage rElec rN+} (Trog gifted it to you on level 4 of the Swamp)
 30059 | Swamp:4  | Got a decaying rune of Zot
 30182 | Spider:1 | Entered Level 1 of the Spider Nest
 30182 | Spider:1 | Noticed Louise
 30199 | Spider:1 | Killed Louise
 30610 | Spider:1 | Received a gift from Trog
 30639 | Spider:1 | Identified the Incunabulum of Vitriolic Lightness
 30937 | Spider:2 | Reached skill level 10 in Shields
 30937 | Spider:2 | Reached XP level 17. HP: 127/138 MP: 17/17
 31076 | Spider:2 | Received a gift from Trog
 31177 | Spider:2 | Reached skill level 16 in Armour
 32452 | Spider:3 | Received a gift from Trog
 33091 | Spider:4 | Entered Level 4 of the Spider Nest
 34100 | Spider:4 | Got a gossamer rune of Zot
 34406 | D:6      | Bought a potion of curing for 39 gold pieces
 34406 | D:6      | Bought a potion of heal wounds for 65 gold pieces
 34599 | Elf:1    | Entered Level 1 of the Elven Halls
 34625 | Elf:1    | Gained mutation: You have hooves in place of feet. [demonic ancestry]
 34625 | Elf:1    | Reached XP level 18. HP: 147/147 MP: 18/18
 35492 | Elf:2    | Found Hoischok's Book Emporium.
 35613 | Elf:2    | Found a runed gate.
 35616 | Elf:2    | Found a runed gate.
 35620 | Elf:2    | Found a runed gate.
 35624 | Elf:2    | Noticed Asterion
 35631 | Elf:2    | Killed Asterion
 35641 | Elf:2    | Noticed Azrael
 35656 | Elf:2    | Killed Azrael
 36169 | Elf:2    | Lost mutation: Your system is resistant to poisons. (rPois) [potion of mutation]
 36169 | Elf:2    | Lost mutation: Your muscles are strong. (Str +2) [potion of mutation]
 36169 | Elf:2    | Lost mutation: You have a pair of small horns on your head. [potion of mutation]
 36169 | Elf:2    | Gained mutation: Your muscles are strong. (Str +2) [potion of mutation]
 36169 | Elf:2    | Gained mutation: You can translocate small distances at will. [potion of mutation]
 36484 | Elf:3    | Entered Level 3 of the Elven Halls
 36637 | Elf:3    | Found a deep blue altar of Sif Muna.
 36733 | Elf:3    | Received a gift from Trog
 37005 | Elf:3    | Reached skill level 15 in Fighting
 37075 | Elf:3    | Noticed a Hell Sentinel
 37089 | Elf:3    | Reached XP level 19. HP: 111/155 MP: 19/19
 37136 | Elf:3    | Killed from afar by a deep elf annihilator

Skill      XL: |  1  2  3  4  5  6  7  8  9 10 11 12 13 14 15 16 17 18 |
---------------+-------------------------------------------------------+-----
Armour         | 2 3 4 5 7 8 10 11 12 14 15 16 | 16.8
Dodging        | 2 3 4 5 6 7 8 9 10 11 12 13 | 13.1
Long Blades    | 3 4 5 6 7 8 9 10 11 12 13 14 | 14.1
Fighting       | 4 5 6 7 8 9 10 11 12 13 14 15 | 15.1
Shields        | 4 7 10 11 14 | 14.2

Action                   |  1- 3 |  4- 6 |  7- 9 | 10-12 | 13-15 | 16-18 | 19-21 || total
-------------------------+-------+-------+-------+-------+-------+-------+-------++-------
Melee: Falchion          |    74 |    97 |   147 |       |       |       |       ||   318
       Headbutt          |       |       |     7 |       |   209 |   391 |       ||   607
       Scimitar          |       |       |    88 |   411 |  1026 |   173 |       ||  1698
       Kick              |       |       |    27 |   140 |       |   159 |    10 ||   336
       Unarmed           |       |       |       |    10 |    20 |   123 |       ||   153
       Long sword        |       |       |       |       |   111 |   124 |       ||   235
       Demon blade       |       |       |       |       |       |  1298 |    21 ||  1319
Invok: Berserk           |     2 |     3 |     9 |     9 |    22 |    17 |     1 ||    63
       Trog's Hand       |       |     1 |     3 |     3 |    13 |    23 |     1 ||    44
       Brothers in Arms  |       |       |     1 |     2 |    14 |    17 |       ||    34
       Burn Spellbooks   |       |       |       |       |       |     1 |     2 ||     3
 Abil: Blink             |       |       |       |       |       |       |     1 ||     1
Evoke: Wand              |       |       |       |       |     1 |     1 |       ||     2
  Use: Potion            |     3 |       |     9 |       |     9 |    18 |       ||    39
       Scroll            |       |     2 |    17 |     7 |    18 |    20 |       ||    64
 Stab: Sleeping          |     3 |     1 |     2 |       |       |       |       ||     6
       Distracted        |       |       |     1 |       |       |       |       ||     1
  Eat: Chunk             |     2 |     3 |     6 |    13 |    30 |     6 |       ||    60
       Ration            |       |     1 |     5 |     6 |    14 |    21 |       ||    47
Armor: Animal skin       |    14 |    22 |    41 |       |       |       |       ||    77
       Ring mail         |       |       |     9 |   138 |   157 |       |       ||   304
       Chain mail        |       |       |       |       |   203 |   261 |       ||   464
       Gold dragon scale |       |       |       |       |       |   742 |    13 ||   755
Dodge: Dodged            |    64 |    60 |   167 |   270 |   503 |   533 |     3 ||  1600
       Deflected         |       |       |     7 |    16 |    14 |    22 |     1 ||    60
Block: Other             |       |       |     8 |    50 |    45 |       |       ||   103
       Reflection        |       |       |     1 |     4 |     7 |    45 |     2 ||    59
       Large shield      |       |       |       |       |   658 |  1959 |    22 ||  2639
       Shield            |       |       |       |       |       |    85 |       ||    85
       Rpst.: Falchion   |    24 |    21 |    31 |       |       |       |       ||    76
       Scimitar          |       |       |    17 |    70 |   108 |    15 |       ||   210
       Long sword        |       |       |       |       |     7 |     4 |       ||    11
       Demon blade       |       |       |       |       |       |    69 |       ||    69
